General information
- name: GRUDGE
- type: Custom game
- host: GOKUMAN69
- saver: GOKUMAN69
map: TurtleRock
- players: 6
- length: 16:49
- speed: Fast
- version: 1.21 W3XP
- replay type: Public
» download(57 KB)
Players
team 1 (winner)
Dexanth (
purple | 102 APM | 1723 actions | 16:49)
4 Demon Hunter
2 Mana Burn
2 Evasion
4 Naga Sea Witch
2 Frost Arrows
2 Forked Lightning
» actions
| Assign group hotkey | 34 | |
| Basic commands | 6 | |
| Build / train | 62 | |
| Enter build submenu | 18 | |
| Enter hero's abilities submenu | 8 | |
| Give item / drop item | 4 | |
| Remove unit from queue | 4 | |
| Right click | 761 | |
| Select / deselect | 293 | |
| Select group hotkey | 444 | |
| Use ability | 88 | |
1723 total
» units
| Wisp | 16 | |
| Archer | 5 | |
| Druid of the Claw | 5 | |
| Dryad | 3 | |
| Druid of the Talon | 6 | |
35 total
» upgrades
| Druid of the Claw Training | 2 | |
| Abolish Magic | 1 | |
| Druid of the Talon Training | 2 | |
| Well Spring | 1 | |
| Ultravision | 1 | |
7 total
» buildings
| Altar of Elders | 1 | |
| Moon Well | 4 | |
| Ancient of War | 1 | |
| Tree of Ages | 1 | |
| Hunter's Hall | 4 | |
| Ancient of Lore | 2 | |
| Tree of Eternity | 1 | |
| Ancient of Wind | 1 | |
| Ancient of Wonders | 2 | |
| Tree of Life | 1 | |
18 total
» build order
00:06 Altar of Elders
00:19 Moon Well
00:51 Ancient of War
01:48 Moon Well
02:37 Tree of Ages
02:59 Hunter's Hall
03:19 Hunter's Hall
03:29 Hunter's Hall
03:41 Hunter's Hall
05:32 Moon Well
05:35 Ancient of Lore
05:35 Ancient of Lore
06:41 Moon Well
07:57 Tree of Eternity
08:52 Ancient of Wind
10:33 Ancient of Wonders
12:55 Ancient of Wonders
13:59 Tree of Life
» items
| Boots of Speed | 2 | |
| Scroll of Town Portal | 2 | |
| Staff of Preservation | 1 | |
5 total
team 2 (loser)

»
eVIL_pEngoon (
yellow | 85 APM | 1433 actions | 16:48)
3 Blademaster
2 Wind Walk
1 Critical Strike
3 Shadow Hunter
2 Hex
1 Healing Wave
» actions
| Assign group hotkey | 18 | |
| Basic commands | 35 | |
| Build / train | 49 | |
| Enter build submenu | 15 | |
| Enter hero's abilities submenu | 6 | |
| Give item / drop item | 1 | |
| Right click | 658 | |
| Select / deselect | 256 | |
| Select group hotkey | 337 | |
| Use ability | 58 | |
1433 total
» units
| Peon | 7 | |
| Grunt | 8 | |
| Raider | 4 | |
| Spirit Walker | 1 | |
20 total
» upgrades
| Armor | 1 | |
| Ensnare | 1 | |
| Pillage | 1 | |
| Melee Weapons | 2 | |
| Berserker Strength | 1 | |
| Spirit Walker Training | 1 | |
7 total
» buildings
| Altar of Storms | 1 | |
| Orc Burrow | 6 | |
| Barracks | 1 | |
| Voodoo Lounge | 1 | |
| War Mill | 1 | |
| Stronghold | 1 | |
| Beastiary | 2 | |
| Spirit Lodge | 1 | |
| Fortress | 1 | |
15 total
» build order
00:07 Altar of Storms
00:10 Orc Burrow
00:51 Barracks
01:30 Orc Burrow
01:57 Voodoo Lounge
03:28 War Mill
03:50 Stronghold
03:56 Orc Burrow
07:04 Beastiary
07:09 Beastiary
07:31 Orc Burrow
12:39 Spirit Lodge
14:05 Fortress
14:11 Orc Burrow
14:42 Orc Burrow
» items
| Healing Salve | 4 | |
| Lesser Clarity Potion | 4 | |
| Dust of Appearance | 2 | |
| Scroll of Town Portal | 2 | |
12 total
refereesGOKUMAN69,
GapInTheTooth,
royceroyce2001,
BEAR_AND Chat log
(00:19 / All) eVIL_pEngoon: gl hf all goon replays at highper.ch
(00:31 / All) Dexanth: Manner up have a good time buy Geil products
(02:59 / Referees) BEAR_AND: aow got last hit
(03:02 / Referees) BEAR_AND: what a noob
(03:03 / Referees) royceroyce2001: fukk
(03:08 / Referees) GapInTheTooth: NOICE
(03:12 / Referees) BEAR_AND: not really
(03:20 / Referees) BEAR_AND: lmfao
(04:28 / Referees) BEAR_AND: john did you pass grade 11.
(04:33 / Referees) GOKUMAN69: nope
(04:42 / Referees) GOKUMAN69: plumbin Sc00l
(04:53 / Referees) BEAR_AND: you didn't get in to plumbing school
(05:54 / Referees) BEAR_AND: why is this bitch making lore
(06:04 / Referees) BEAR_AND: w0w
(06:09 / Referees) GOKUMAN69: bear yad noob
(06:13 / Referees) BEAR_AND: vs orc
(06:16 / Referees) BEAR_AND: good idea great plan
(06:25 / Referees) GOKUMAN69: works fine
(06:28 / Referees) BEAR_AND: lmao
(06:29 / Referees) royceroyce2001: what
(06:31 / Referees) royceroyce2001: just happened
(06:36 / Referees) BEAR_AND: mana burn kill
(09:09 / Referees) BEAR_AND: no engsnare
(09:37 / Referees) BEAR_AND: lol
(09:47 / Referees) BEAR_AND: 3 2 1 ensnare
(10:13 / Referees) BEAR_AND: no berserker strength
(10:19 / Referees) BEAR_AND: why not>?
(10:22 / Referees) BEAR_AND: a noob
(10:46 / Referees) BEAR_AND: research pillage after you start attacking
(10:47 / Referees) BEAR_AND: good
(11:35 / Referees) BEAR_AND: No Macro
(12:20 / Referees) BEAR_AND: he making more grunts and still doesn't realize what the red grunt face @ barracks does
(13:36 / Referees) GOKUMAN69: haha
(13:52 / Referees) BEAR_AND: tier 3 for 5 min. and just getting a shop now
(14:04 / Referees) BEAR_AND: "i hate racial advantages" - dexanth
(14:49 / Referees) BEAR_AND: hmm i assumed wisp dispelled salve
(15:25 / Referees) royceroyce2001: support in front tanks in back
(15:53 / Referees) BEAR_AND: raider in front support w/ grunt